Cogmind - Beta 9.4 *** ADVENTURER MODE // 2020.02.12 @ 15:18:13 Player: DizzyWaters Result: Destroyed by as-81414 with Assembled Heavy Rifle Performance ------------- Evolutions (0) 0 Regions Visited (2) 400 Robots Destroyed (14) 70 Value Destroyed (226) 226 Prototype IDs (2) 40 Alien Tech Used (0) 0 Bonus (0) 0 TOTAL SCORE: 736 Bonus ------- None Cogmind --------- Core Integrity 0/250 Matter 269/300 Energy 125/125 System Corruption 0% Temperature Cool (0) Movement Core (600) Ox11 Location -10/Mines Parts ------- > --- POWER (1) -------- Light Ion Engine > --- PROPULSION (2) --- (None) > --- UTILITY (2) ------ High-capacity Storage Unit Weapon Shielding > --- WEAPON (2) ------- (None) > --- INVENTORY (12) --- Light Ion Engine Small Storage Unit Improved Terrain Scanner Seismic Analyzer Targeting Computer Peak State ------------ > --- POWER ------------ Light Nuclear Core > --- PROPULSION ------- Aluminum Leg Aluminum Leg > --- UTILITY ---------- High-capacity Storage Unit Improved Terrain Scanner > --- WEAPON ----------- Light Assault Rifle Light Assault Rifle > --- INVENTORY -------- Light Ion Engine Light Ion Engine Light Treads Light Treads Small Storage Unit Seismic Analyzer Targeting Computer Weapon Shielding Medium Laser Grenade Launcher [Rating: 11] Favorites ----------- Power Light Nuclear Core Engine Light Ion Engine Power Core Light Nuclear Core Propulsion Light Treads Treads Light Treads Leg Aluminum Leg Utility High-capacity Storage Unit Device Improved Terrain Scanner Storage High-capacity Storage Unit Protection Weapon Shielding Weapon Light Assault Rifle Energy Gun Medium Laser Ballistic Gun Light Assault Rifle Launcher Grenade Launcher Build | -11 -10 -10 ------- Run | Scr Mat Min Slots Evolved . | . . . Power . | . . . Propulsion . | . . . Utility . | . . . Weapon . | . . . Parts Attached 21 | 6 5 10 Power 4 | 1 1 2 Engine 3 | 1 . 2 Core 1 | . 1 . Reactor . | . . . Propulsion 6 | 2 . 4 Treads 4 | 2 . 2 Leg 2 | . . 2 Wheel . | . . . Hover . | . . . Flight . | . . . Utility 4 | 1 2 1 Device 1 | . 1 . Storage 2 | 1 1 . Processor . | . . . Hackware . | . . . Protection 1 | . . 1 Artifact . | . . . Weapon 7 | 2 2 3 Energy Gun 1 | . . 1 Energy Cannon . | . . . Ballistic Gun 4 | 2 1 1 Ballistic Cannon . | . . . Launcher 2 | . 1 1 Special Weapon . | . . . Impact Weapon . | . . . Slashing Weapon . | . . . Piercing Weapon . | . . . Special Melee Weapon . | . . . Unidentified Prototypes . | . . . Parts Lost 11 | . . 11 Power 2 | . . 2 Propulsion 4 | . . 4 Utility . | . . . Weapon 5 | . . 5 Highest Loss Streak 9 | . . 9 Average Slot Usage (%) 96 | . 99 95 Engine 4 | . 12 1 Core 8 | . 1 12 Treads 18 | . 28 14 Leg 8 | . . 12 Device 12 | . 13 12 Storage 14 | . 14 14 Protection 1 | . . 1 Energy Gun 3 | . . 4 Ballistic Gun 21 | . 25 20 Launcher 1 | . 2 . Naked Turns . | . . . Heaviest Build 41 | 9 40 41 Greatest Support 40 | 40 40 40 Greatest Overweight (x) 11 | . . 11 Average Overweight (x) . | . . . Largest Inventory Capacity 12 | 6 12 12 Average Capacity 10 | 5 10 12 Most Carried 10 | 4 8 10 Average Carried 6 | 3 5 8 Final Capacity 12 | 6 12 12 Final Carried 7 | 4 7 5 Class Distribution -------------------- 100% | Mutant Dominant Class ---------------- Mutant | -10/Materials Mutant | -10/Mines Resources | -11 -10 -10 ----------- Run | Scr Mat Min Matter Collected 440 | 222 122 96 Remotely . | . . . Salvage Created 354 | 72 122 160 Parts 24 | 5 8 11 Haulers Intercepted . | . . . Recyclers Shooed . | . . . Parts Field Recycled . | . . . Retrieved Matter . | . . . Parts Self-Destructed . | . . . Prevented . | . . . Kills | -11 -10 -10 ------- Run | Scr Mat Min Combat Hostiles Destroyed 9 | . 2 7 Guns 9 | . 2 7 Classes Destroyed 5 | 2 2 1 Worker 1 | 1 . . Tunneler 3 | 3 . . Watcher 1 | . 1 . Swarmer 6 | . . 6 Grunt 3 | . 2 1 Best Kill Streak 3 | 2 2 3 Combat Bots Only 3 | . 1 3 Max Kills in Single Turn 1 | 1 1 1 Gunslinging . | . . . Exploded . | . . . Melee . | . . . Uniques/NPCs Destroyed . | . . . Combat | -11 -10 -10 -------- Run | Scr Mat Min Damage Taken 1307 | . 164 1143 Core 253 | . 37 216 Absorbed by Shields . | . . . Core Remaining (%) 100 | 100 . . Volleys Fired 69 | 33 16 20 Largest 2 | 2 2 2 Hottest 70 | 40 40 70 Shots Fired 109 | 41 32 36 Gun 108 | 41 32 35 Cannon . | . . . Launcher 1 | . . 1 Special . | . . . Kinetic 99 | 41 32 26 Thermal 9 | . . 9 Explosive 1 | . . 1 Electromagnetic . | . . . Robot Hit Streak 29 | 23 13 29 Robot Miss Streak 1 | 1 1 1 Penetration Max . | . . . Secondary Targets 2 | . . 2 Max Gunslinging Chain 1 | . . 1 Shots Hit Robots 84 | 30 23 31 Core Hits 30 | 8 9 13 Critical Hits 1 | . 1 . Critical Kills 1 | . 1 . Critical Parts Destroyed . | . . . Melee Attacks . | . . . Impact . | . . . Slashing . | . . . Piercing . | . . . Sneak Attacks . | . . . Combat Hostiles . | . . . Follow-up Attacks . | . . . Damage Inflicted 744 | 265 184 295 Guns 741 | 265 184 292 Cannons . | . . . Explosions 3 | . . 3 Melee . | . . . Ramming . | . . . Kinetic 638 | 265 184 189 Thermal 103 | . . 103 Explosive 3 | . . 3 Electromagnetic . | . . . Impact . | . . . Slashing . | . . . Piercing . | . . . Highest Corruption . | . . . Average Corruption . | . . . Corruption Purged . | . . . Overload Shots . | . . . Overflow Damage . | . . . Projectiles . | . . . Explosions . | . . . Melee . | . . . Knockbacks . | . . . Impact . | . . . Kinetic . | . . . Secondary . | . . . Self-Inflicted Damage . | . . . Shots . | . . . Rammed . | . . . Targets Rammed . | . . . Kicked . | . . . Crushed . | . . . Highest Temperature 89 | . 21 89 Average Temperature 22 | . 11 26 Received Heat Transfer 273 | . 126 147 Siege Activations . | . . . Robots Corrupted . | . . . Combat Hostiles . | . . . Parts Fried . | . . . Impact Corruptions . | . . . Robots Melted . | . . . Combat Hostiles . | . . . Parts Melted 1 | . . 1 Heat Transferred 296 | . . 296 Parts Sabotaged . | . . . Parts Stolen . | . . . Parts Stripped . | . . . Power Chain Reactions . | . . . Missiles Intercepted . | . . . Alert | -11 -10 -10 ------- Run | Scr Mat Min Peak Influence 184 | 20 104 184 Average Influence 64 | 6 51 91 Maximum Alert Level . | . . . Low Security (%) 100 | 100 100 100 Level 1 . | . . . Level 2 . | . . . Level 3 . | . . . Level 4 . | . . . Level 5 . | . . . High Security . | . . . Max Security . | . . . Squads Dispatched . | . . . Investigation . | . . . Extermination . | . . . Reinforcement . | . . . Assault . | . . . Garrison . | . . . Intercept . | . . . Construction Impeded . | . . . Haulers Reinforced . | . . . Stealth | -11 -10 -10 --------- Run | Scr Mat Min Distress Signals . | . . . Communications Jammed . | . . . Distress Signals . | . . . Times Spotted 33 | . 3 30 Peak Tracking Total 22 | . 2 22 Tactical Retreats 1 | . . 1 Traps | -11 -10 -10 ------- Run | Scr Mat Min Traps Triggered . | . . . Indirectly . | . . . Trap Hack Attempts . | . . . Triggered . | . . . Disarmed . | . . . Reprogrammed . | . . . Reused . | . . . Traps Extracted . | . . . Installed . | . . . Triggered . | . . . Machines | -11 -10 -10 ---------- Run | Scr Mat Min Machines Disabled . | . . . Max in Single Turn . | . . . Machines Sabotaged . | . . . Garrisons Compromised . | . . . Overloaded Fab Kills . | . . . Fab Network Shutdowns . | . . . Hacking | -11 -10 -10 --------- Run | Scr Mat Min Machines Accessed 1 | . 1 . Terminals 1 | . 1 . Fabricators . | . . . Repair Stations . | . . . Recycling Units . | . . . Scanalyzers . | . . . Garrison Access . | . . . Total Hacks 8 | . 8 . Successful 7 | . 7 . Failed 1 | . 1 . Catastrophic . | . . . Database Lockouts . | . . . Manual . | . . . Terminals 8 | . 8 . Fabricators . | . . . Repair Stations . | . . . Recycling Units . | . . . Scanalyzers . | . . . Garrison Access . | . . . Terminal Hacks 7 | . 7 . Record 3 | . 3 . Prototype ID Bank 1 | . 1 . Branch Access Points 1 | . 1 . Maintenance Status 1 | . 1 . Hauler Manifests 1 | . 1 . Fabricator Hacks . | . . . Repair Station Hacks . | . . . Recycling Unit Hacks . | . . . Scanalyzer . | . . . Garrison Access Hacks . | . . . Unauthorized Hacks . | . . . Terminals . | . . . Fabricators . | . . . Repair Stations . | . . . Recycling Units . | . . . Scanalyzers . | . . . Garrison Access . | . . . Data Cores Recovered . | . . . Used . | . . . Hacking Detections . | . . . Full Trace Events . | . . . Feedback Events . | . . . Feedback Blocked . | . . . Robot Schematics Acquired . | . . . Robots Built . | . . . Matter . | . . . Time . | . . . Total Robot Build Rating . | . . . Part Schematics Acquired . | . . . Parts Built . | . . . Matter . | . . . Time . | . . . Total Part Build Rating . | . . . Parts Repaired . | . . . Time . | . . . Parts Recycled . | . . . Recycled Matter . | . . . Retrieved Matter . | . . . Retrieved Components . | . . . Parts Scanalyzed . | . . . Part Schematics Acquired . | . . . Parts Damaged . | . . . Bothacking | -11 -10 -10 ------------ Run | Scr Mat Min Used RIF Installer . | . . . Robots Hacked . | . . . Non-combat . | . . . Combat . | . . . Robot Hacks Applied . | . . . Relay Couplers Released . | . . . Robots Rewired . | . . . Allies Hacked . | . . . Hacks Repelled . | . . . Allies | -11 -10 -10 -------- Run | Scr Mat Min Total Allies . | . . . Largest Group . | . . . Highest-Rated Group . | . . . Highest-Rated Ally . | . . . Total Orders . | . . . Ally Attacks . | . . . Total Damage . | . . . Kills . | . . . Allies Corrupted . | . . . Allies Melted . | . . . Intel | -11 -10 -10 ------- Run | Scr Mat Min Robot Analysis Total . | . . . Derelict Logs Recovered . | . . . Drone Launches . | . . . Drone Recoveries . | . . . Exploration | -11 -10 -10 ------------- Run | Scr Mat Min Turns Passed 919 | 184 240 495 Spaces Moved 434 | 70 113 251 Core 12 | 10 . 2 Treads 321 | 60 113 148 Legs 101 | . . 101 Wheels . | . . . Hover . | . . . Flight . | . . . Fastest Speed 50 | 50 160 150 Average Speed 162 | 144 160 168 Slowest Speed 600 | 160 160 600 Overloaded Moves . | . . . Propulsion Burnouts . | . . . Robots Hopped . | . . . Cave-ins Triggered . | . . . Exploration Rate (%) 27 | 5 19 59 Regions Visited 2 Branch Regions 1 Pre-discovered Areas . | . . . Known Exits Taken 1 | . 1 . Unknown Exits Taken 1 | 1 . . Scrap Searched 1 | . . 1 Spaces Dug . | . . . Terrain Destroyed 6 | . . 6 Melee . | . . . Projectile . | . . . AOE 6 | . . 6 Actions | -11 -10 -10 --------- Run | Scr Mat Min Total 565 | 120 148 297 Wait 16 | 2 6 8 Move 432 | 69 112 251 Hop . | . . . Pick Up 20 | 10 5 5 Fast Attach . | . . . Attach 20 | 6 4 10 Detach 6 | . 3 3 Swap 1 | . 1 . Drop 1 | . 1 . Fire 69 | 33 16 20 Melee . | . . . Ram . | . . . Kick . | . . . Crush . | . . . Escape Stasis . | . . . Rewire . | . . . Trap . | . . . Miscellaneous . | . . . Route ------- -11/Scrapyard -10/Materials (discovered 2 exits: *Min x2) -10/Mines History --------- Turn | Location | Event 9 | -11/Scrapyard | Discovered new exit (range 14) 185 | -11/Scrapyard | Entered Materials 303 | -10/Materials | Build established: Mutant 329 | -10/Materials | Discovered new exit (range 16) 332 | -10/Materials | Identified exit to Mines 425 | -10/Materials | Entered Mines 840 | -10/Mines | Assembled infested the area 871 | -10/Mines | Core integrity fell below 50% 884 | -10/Mines | Core integrity fell below 20% 920 | -10/Mines | Destroyed by as-81414 with Assembled Heavy Rifle Last Messages --------------- as-42870 destroyed. as-75024 destroyed. as-61453 destroyed. as-84139 destroyed. as-22173 destroyed. as-52267 destroyed. Med. Laser destroyed. Aluminum Leg destroyed. Lgt. Ion Engine destroyed. Lgt. Assault Rifle destroyed. The unstable cave ceiling collapses. D-53 Grenadier destroyed. Aluminum Leg destroyed. The unstable cave ceiling collapses. Grenade Launcher destroyed. Pressure Siphon disabled. The unstable cave ceiling collapses. Lgt. Treads destroyed. The unstable cave ceiling collapses. D-53 Grenadier destroyed. Map ----- +----------------------------------------------------+ | #### #### ##????# ## ##?????#?????????? | | ##??# ###??########???#?# #????#??????????? | | #???#####?#??#????###?????##### #???????????????? | | ##??????????????????????????##?# #??????#????????? | | #??????#?????? ???? ???????#???# #??????#?#??????? | | ????????????????????? ?????#???# #??#????????????? | | ???????#??????? ??????? ???????# #???????????????? | | ???????#???????????? ????????### #???????????????? | | ???######?????????????????????## #??????????????#? | | #### ####?????""?????????#???## #????#????????? ? | | #### ""????? ????????# #?????#???????? # | | ""????"???????#?# #???????##????? ? | | # ## #?????? ???????#?????# #???#?????????#"# | | # #?#% ##?#??? ?????? ???????# #??#??######??#%# | | # #?# ##???????????????#?????# #????## ####"# | | # ### #????#?????????????????# #????# # | | # ##??????????????????????# #?#??# # # | | ########???????????????????????# #?#?## # | | ?????????????????????#?????????# #???# # | | ???????????#???????????????#??## ###### # | | ???????#????????##???##?#????## ## ## | | ??????????????????????######## =*# | | ????????#??????????##### % | | ???????????????????# """ a # # | | #??????#?????????#?# # # | | ????????????#??????# ### @ | | ???????#???????????????# # # | | ???#???????????????????# # #?# | | ???????????????????????####### # | | ?????????#???????????? ??????### ## | | ???????????????????????????????## # ### # # | | ????????????????????????? ? ?????## ####### | | ?????????????????????????????? ???## #????? | | ???????????????????????????????????## #????? | | ????????????????????????????????#???## ##??##? | | ?????????????????????????????????????####??#??? | | ???????????????????????????????????????#???????# | | ?????????????????????????????????????????#?????## | | ????????????????????????????????????????????????? | | ????????????????????????????????????????????????? | | ????????????????????????????????????????????????? | | ????????????????????????????????????????????????? | | ?????????????????????????????????????????????????? | | ?????????????????????????????????????????????????? | | ?????????????????????????????????????????????????? | | ?????????????????????????????????????????????????? | | ?????????????????????????????????????????????????? | | ?????????????????????????????????????????????????? | | | | | +----------------------------------------------------+ Best States ------------- Heat Dissipation 25 Energy Generation 14 Energy Capacity 160 Matter Stores 300 Matter Capacity 300 Sight Range 16 Terrain Scan Range 16 Terrain Scan Density 10 Resistance: KI 20 Resistance: TH 20 Resistance: EX 20 Resistance: EM 20 Resistance: I 20 Resistance: S 20 Resistance: P 20 Weapon Shielding 33 Evasion (%) 50 Recoil Reduction 2 Offensive Hacking 10 Item Schematics ----------------- None Robot Schematics ------------------ None Fabricated ------------ Nothing Alien Tech Used ----------------- None Achievements -------------- Hunted Challenges ------------ None Game ------ Seed DiametricBoreScythe Manual? 0 Play Time 00:18:36 Cumulative 5.2 hours Start 2020.02.12 @ 14:58:02 End 2020.02.12 @ 15:18:13 Sessions 1 Manual Loads 0 Difficulty Adventurer Special Mode None Game No. 4 Rogue 0 Adventurer 4 Explorer 0 Win Type - Total 0 Types 0/0/0/0/0/0/0 Lore% 2 Gallery% 8 Achievement% 8 Wizard Run 0 Options --------- ASCII 0 Keyboard 0 Movement Mouse Keybinds 0 Fullscreen 1 Font 18/SmallcapsGlow Map View 76x50 Tactical HUD 0 Map Filters NONE Filters NONE Steam 1 RUN: 7024e0c0-b8e5-4594-ac07-1f0c3f4fead4